 Dungeon Crawl Stone Soup version 0.27.0-1-g7a089689b8 (webtiles) character file.

Game seed: 16900838592370238974

907 Araneus the Covert (level 8, -7/50 HPs)
             Began as an Octopode Brigand on Aug 3, 2021.
             Mangled by an orc warrior (8 damage)
             ... on level 4 of the Dungeon on Aug 4, 2021.
             The game lasted 00:14:23 (4870 turns).

Araneus the Covert (Octopode Brigand)               Turns: 4870, Time: 00:14:24

Health: -7/50      AC:  1    Str: 11    XL:     8   Next: 8%
Magic:  8/8        EV: 14    Int: 13    God:
Gold:   89         SH:  0    Dex: 15    Spells: 7/7 levels left

rFire    . . .     SeeInvis +   q - +2 rapier (elec)
rCold    . . .     Faith    .   (no shield)
rNeg     . . .     Spirit   .   (helmet restricted)
rPois    .         Reflect  .   (no amulet)
rElec    .         Harm     .   d - ring of see invisible
rCorr    .         Rampage  .   (no ring)
Will     .....                  (no ring)
Stlth    +++++.....             (no ring)
HPRegen  0.16/turn              (no ring)
MPRegen  0.11/turn              (no ring)
                                (no ring)
                                (no ring)

@: brilliant, flying
A: almost no armour, amphibious, 8 rings, camouflage 1, gelatinous body 1,
(nimble swimmer 1), tentacles
a: no special abilities


You were on level 4 of the Dungeon.
You visited 1 branch of the dungeon, and saw 5 of its levels.

You collected 233 gold pieces.
You spent 144 gold pieces at shops.

Inventory:

Hand Weapons
 a - a +2 dagger of venom
 q - a +2 rapier of electrocution (weapon)
Missiles
 b - 33 poisoned darts (quivered)
 c - 2 curare-tipped darts
 g - 3 boomerangs
Jewellery
 d - a ring of see invisible (left tentacle)
Scrolls
 h - a scroll of fog {unknown}
 m - 2 scrolls of identify {unknown}
 n - a scroll of vulnerability {unknown}
Potions
 e - 4 potions of brilliance
 f - a potion of might
 j - a potion of ambrosia {unknown}
 l - 2 potions of curing {unknown}
 o - a potion of haste {unknown}


   Skills:
 - Level 2.0 Fighting
 + Level 5.1 Short Blades
 + Level 3.4 Throwing
 * Level 4.2 Dodging
 + Level 9.5 Stealth


You had 7 spell levels left.
You didn't know any spells.
Your spell library was empty.

Dungeon Overview and Level Annotations

Branches:
Dungeon (5/15)
 Temple: D:4-7

Altars:

Shops:
D:2 :   D:4 ([*(


Innate Abilities, Weirdness & Mutations

You cannot wear most types of armour.
You are amphibious.
You can wear up to eight rings at the same time.
Your skin changes colour to match your surroundings (Stealth+).
Your rubbery body absorbs attacks. (AC +1, EV +1)
((You are camouflaged near water. (Stealth+)))
You have tentacles for arms and can constrict up to eight enemies at once.


Message History

You destroy the wight!
Blork the orc misses you.
Your life force feels restored.
You have reached level 8!
You hit Blork the orc.
Lightning courses through Blork the orc!
Your grab misses Blork the orc.
Blork the orc is moderately wounded.
Blork the orc points at you and mumbles some strange words.
The magic dart hits you.
You hit Blork the orc. You grab Blork the orc.
Blork the orc is moderately wounded.
You constrict Blork the orc. Blork the orc misses you.
Blork the orc closely misses you.
You hit Blork the orc but do no damage.
Lightning courses through Blork the orc!
Blork the orc is almost dead.
You constrict Blork the orc.
Blork the orc hits you with a +0 scimitar.
* * * LOW HITPOINT WARNING * * *
You hit Blork the orc.
Lightning courses through Blork the orc!
You kill Blork the orc!
The orc warrior misses you.
Your Short Blades skill increases to level 5!
You see here a +0 hand axe.
There is a stone staircase leading up here.
The orc warrior hits you with a +0 long sword.
* * * LOW HITPOINT WARNING * * *
You climb upwards.
There is a stone staircase leading down here.
It was a potion of brilliance.
You feel clever all of a sudden.
The orc warrior hits you with a +0 long sword!
* * * LOW HITPOINT WARNING * * *
It was a potion of flight.
You feel very buoyant.
You fly up into the air.
The orc warrior hits you with a +0 long sword!
You die...

...........##########.##.#
...........'..........##.#
...........#############.#
.)..<......# #.#
..)........# #.#
)..........# #.#
....###.(.## #.#
....###...######## #.#
....'.'...'....o@# #.#
....###...######.#######.###
....# #....................#
....# #.....####.###########
....# #.....# #.# #+###
###'### #.# #.# #.# #.# #.#
#.# #.# #.# #####'### #.#


You could see an orc warrior.

Vanquished Creatures
  Pikel (D:4)
  A necrophage (D:4)
  A lemure (D:4)
  Blork the orc (D:5)
  A scorpion (D:4)
  A wight (D:5)
  A centaur skeleton (D:4)
  Robin (D:2)
  3 gnolls (D:2)
  4 adders
  An ufetubus (D:4)
  2 worms (D:2)
  2 dart slugs (D:2)
  6 orcs
  6 endoplasms
  4 giant cockroaches
  15 goblins
  9 hobgoblins
  7 jackals
  5 kobolds
  A quokka (D:2)
  5 ball pythons
  3 bats
  5 frilled lizards
  5 rats
91 creatures vanquished.

Notes
Turn   | Place    | Note
-------+----------+-------------------------------------------
     0 | D:1      | Araneus the Octopode Brigand began the quest for the Orb.
     0 | D:1      | Reached XP level 1. HP: 14/14 MP: 1/1
   197 | D:1      | Reached XP level 2. HP: 19/19 MP: 2/2
   382 | D:1      | Found a faded altar of an unknown god.
   876 | D:1      | Reached XP level 3. HP: 24/24 MP: 3/3
  1463 | D:2      | Noticed Robin
  1486 | D:2      | Reached XP level 4. HP: 25/29 MP: 4/4
  1494 | D:2      | Killed Robin
  1670 | D:2      | Reached skill level 6 in Stealth
  1682 | D:2      | HP: 1/29 [gnoll (12)]
  2141 | D:2      | Reached XP level 5. HP: 34/34 MP: 5/5
  2262 | D:2      | Found Plog's Book Shop.
  3520 | D:4      | Found Riodaaqyj's Antique Weapon Shoppe.
  3532 | D:4      | Found Onah's General Store.
  3533 | D:4      | Found Togri's Antique Weapon Shoppe.
  3540 | D:4      | Found Siomas's Armour Shoppe.
  3556 | D:4      | Bought a +0 rapier of electrocution for 144 gold pieces
  3679 | D:4      | Noticed a necrophage
  3690 | D:4      | Killed a necrophage
  3691 | D:4      | Reached skill level 7 in Stealth
  3691 | D:4      | Reached XP level 6. HP: 33/39 MP: 6/6
  4307 | D:4      | Noticed Pikel
  4323 | D:4      | Killed Pikel
  4324 | D:4      | Reached skill level 9 in Stealth
  4324 | D:4      | Reached XP level 7. HP: 16/45 MP: 7/7
  4753 | D:5      | Entered Level 5 of the Dungeon
  4843 | D:5      | Noticed Blork the orc
  4853 | D:5      | Reached XP level 8. HP: 23/50 MP: 8/8
  4856 | D:5      | Killed Blork the orc
  4857 | D:5      | Reached skill level 5 in Short Blades
  4869 | D:4      | HP: 1/50 [orc warrior (7)]
  4870 | D:4      | Mangled by an orc warrior

Illustrated notes

Levels and vault maps discovered:
D:1:      wheals_arrival_shading, layout_basic, shapermc_ecumenical_altar_venn,
          chequers_serial_rivers_room_a
D:2:      layout_basic, serial_shops, shop_fountains, uniq_robin
D:3:      layout_basic, minmay_randomly_rotated_circles
D:4:      layout_basic, minmay_shop_grid_forest, uniq_pikel
D:5:      layout_basic, sword_in_stone, uniq_prince_ribbit1

Skill      XL: |  1  2  3  4  5  6  7  8 |
---------------+-------------------------+-----
Dodging        | 2 3 4 |  4.2
Stealth        | 6 7 9 |  9.5
Short Blades   | 3 4 5 |  5.1
Throwing       | 3 |  3.4
Fighting       | |  2.0

Action                   |  1- 3 |  4- 6 |  7- 9 || total
-------------------------+-------+-------+-------++-------
Melee: Dagger            |    59 |    46 |       ||   105
       Constrict         |    13 |    22 |     3 ||    38
       Tentacles         |     7 |    13 |     1 ||    21
       Rapier            |       |    36 |    15 ||    51
Throw: Dart              |     7 |    12 |       ||    19
  Use: Scroll            |       |     6 |       ||     6
       Potion            |       |     2 |     2 ||     4
 Stab: Sleeping          |    19 |    11 |     2 ||    32
Armor: Skin              |     3 |     4 |     1 ||     8
Dodge: Dodged            |    28 |    46 |     7 ||    81
